 Dungeon Crawl Stone Soup version 0.31-a0-1610-g9787180647 (webtiles) character file.

Game seed: 1103925261775732073

9827 Turgor the Basher (level 11, -18/53 (56) HPs)
             Began as a Vampire Artificer on Jan 8, 2024.
             Was an Initiate of Gozag.
             Demolished by a reaper
             ... wielding a -4 scythe of freezing
              (34 damage)
             ... in an ice cave.
             The game lasted 01:08:12 (10931 turns).

Turgor the Basher (Vampire Artificer)              Turns: 10931, Time: 01:08:13

HP:   -18/53 (56)   AC: 11    Str: 14    XL:     11   Next: 28%
MP:   11/13         EV: 14    Int: 19    God:    Gozag
Gold: 1315          SH:  0    Dex: 16    Spells: 6/13 levels left

rFire   + + .        n - +9 whip of Saltpetre {elec, rPois Str+3 Dex+2}
rCold   + + +        (no shield)
rNeg    + + +        b - +0 leather armour
rPois   ∞            s - +0 helmet
rElec   +            a - scarf {rC+ rF+}
rCorr   +            O - +2 pair of gloves
SInv    +            H - +2 pair of boots of Liwnepnu {^Drain +Inv rElec rF+}
Will    ++...        (no amulet)
Stlth   +++++        o - ring of resist corrosion
HPRegen 0.00/turn    C - ring of willpower
MPRegen 0.13/turn

%: no passive effects
@: very slightly contaminated, bloodless, inhibited regen, drained
A: bloodless, fangs 3, see invisible, vampiric 2
a: Bat Form, Revivify, Renounce Religion, Evoke Invisibility, Potion Petition,
Call Merchant, Bribe Branch


You were in an ice cave.
You worshipped Gozag.
Gozag was most pleased with you.
You visited 2 branches of the dungeon, and saw 12 of its levels.
You also visited: Ice Cave.

You collected 1417 gold pieces.
You paid 102 gold pieces to Gozag.

Inventory:

Hand Weapons
 e - a +2 sling of flaming
 h - a +2 vampiric eveningstar
 n - the +9 whip of Saltpetre (weapon) {elec, rPois Str+3 Dex+2}
   (You found it on level 2 of the Dungeon)

   Str+3:     It affects your strength (+3).
   Dex+2:     It affects your dexterity (+2).
   rPois:     It protects you from poison
 r - a +3 dagger of venom
 t - a +4 sling of freezing
 K - a +3 shortbow of freezing
 P - a +0 demon trident of freezing
Missiles
 f - 10 boomerangs
 J - 25 poisoned darts
 L - a curare-tipped dart
Armour
 a - a scarf of resistance (worn)
 b - a +0 leather armour (worn)
 s - a +0 helmet (worn)
 u - a +0 cloak
 H - the +2 pair of boots of Liwnepnu (worn) {^Drain +Inv rElec rF+}
   (You acquired it on level 8 of the Dungeon)

   rF+:       It protects you from fire.
   rElec:     It insulates you from electricity.
   +Inv:      It lets you turn invisible.
   ^Drain:    It drains your maximum health when unequipped.
 O - a +2 pair of gloves (worn)
 R - a +2 tower shield of cold resistance
Magical Staves
 v - a staff of fire
Jewellery
 d - a ring of poison resistance
 m - a ring of ice
 o - a ring of resist corrosion (left hand)
 y - a +6 ring of strength
 C - a ring of willpower (right hand)
 D - a ring of protection from cold
Talismans
 z - a blade talisman
Wands
 c - a wand of flame (1)
 x - a wand of polymorph (5)
 M - a wand of mindburst (8)
 S - a wand of charming (6)
Scrolls
 j - a scroll of summoning
 k - 3 scrolls of noise
 p - a scroll of enchant armour {unknown}
 w - a scroll of poison {unknown}
 A - 2 scrolls of blinking
 B - 2 scrolls of revelation
 E - a scroll of fear {unknown}
 G - 2 scrolls of teleportation {unknown}
 I - a scroll of amnesia {unknown}
 N - a scroll of fog {unknown}
Potions
 g - 2 potions of ambrosia
 i - 4 potions of curing
 l - a potion of enlightenment
 q - 2 potions of mutation
 F - a potion of resistance {unknown}
 Q - 2 potions of brilliance {unknown}


   Skills:
 - Level 1.3 Fighting
 - Level 2.5 Short Blades
 - Level 12.4 Maces & Flails
 - Level 4.2 Armour
 - Level 6.0 Dodging
 - Level 6.0 Stealth
 + Level 1.5 Spellcasting
 * Level 2.1 Translocations
 * Level 2.1 Fire Magic
 - Level 2.6 Evocations


You had 6 spell levels left.
You knew the following spells:

 Your Spells              Type           Power      Damage    Failure   Level
a - Passage of Golubria   Tloc           9%         N/A       65%         4
b - Volatile Blastmotes   Fire/Tloc      18%        2d11      26%         3

Your spell library contained the following spells:

 Spells                   Type           Power      Damage    Failure   Level
 Magic Dart               Conj           4%         1d3       22%         1
 Jinxbite                 Hex            2%         N/A       32%         2
 Searing Ray              Conj           2%         2d4       32%         2
 Dazzling Flash           Conj/Hex       2%         N/A       54%         3
 Fulminant Prism          Conj/Alch      0%         3d5       91%         4
 Alistair's Intoxication  Alch           0%         N/A       99%         5
 Borgnjor's Vile Clutch   Necr/Erth      0%         N/A       99%         5
 Silence                  Hex/Air        0%         N/A       99%         5
 Yara's Violent Unravell  Hex/Alch       0%         3d3       99%         5
 Eringya's Noxious Bog    Alch           0%         4d6       100%        6
 Starburst                Conj/Fire      2%         6d3       100%        6
 Enfeeble                 Hex            0%         N/A       100%        7
 Lehudib's Crystal Spear  Conj/Erth      0%         10d2      100%        8
 Maxwell's Capacitive Co  Air            0%         ∞         100%        8


Dungeon Overview and Level Annotations

Branches:
Dungeon (11/15)            Temple (1/1) D:7            Lair (0/5) D:11
    Orc (0/2) D:11          IceCv (1/1)

Altars:
Ashenzari
Cheibriados
Dithmenos
Fedhas
Gozag
Hepliaklqana
Kikubaaqudgha
Makhleb
Nemelex Xobeh
Okawaru
Qazlal
Ru
Sif Muna
Trog
Uskayaw
Vehumet
Wu Jian
Xom
Yredelemnul

Shops:
D:1 ![

Annotations:
D:7 Maggie
D:9 3 runed translucent doors, PanSaczeczos's ghost, novice DgSh
D:10 5 runed translucent doors


Innate Abilities, Weirdness & Mutations

You do not regenerate when monsters are visible.
You are frail without blood (-20% HP).
You can heal yourself when you bite living creatures.
You are immune to poison.
You have razor-sharp teeth.
You have supernaturally acute eyesight. (SInv)
You are afflicted with vampirism and can become a bat while bloodless.


Message History

Okay, then.
Okay, then.
Okay, then.
Unknown command.
Okay, then.
Casting: Volatile Blastmotes (dangerous; 26% risk of failure)
Confirm with . or Enter, or press ? or * to list all spells.
You miscast Volatile Blastmotes.
You are very lightly contaminated with residual magic.
Space warps crazily around you.
You are magically locked in place.
Aiming: Mindburst
Press: ? - help, Shift-Dir - straight line, f - reaper
Aim: a reaper, wielding a -4 scythe of freezing (chance to affect: 13%)
The reaper resists with almost no effort.
The reaper barely misses you.
Unknown command.
Okay, then.
Okay, then.
The reaper hits you from afar with a -4 scythe of freezing!
The reaper drags you backwards! The reaper freezes you.
You hit the reaper but do no damage. You bite the reaper, but do no damage.
The reaper hits you with a -4 scythe of freezing!
The reaper drags you backwards!
You whack the reaper!
The reaper is lightly wounded.
You are no longer firmly anchored in space.
You are no longer robbed of momentum.
You hit the reaper but do no damage.
The reaper is lightly wounded.
The reaper shouts, "I have come for you, Turgor!"
The reaper hits you with a -4 scythe of freezing.
The reaper drags you backwards!
You completely miss the reaper.
The reaper is lightly wounded.
You whack the reaper!
The reaper is moderately wounded.
The reaper hits you with a -4 scythe of freezing!!
Ouch! That really hurt!
You die...
Your body crumbles into a pile of gold.

#..#..#
##.##.##
#..#.## ###
#.###.# ##.##
##.##.# ##...#
#.#.## ##..#.#
##...#
#...#.## #.#.#
##@.###.#
###.##
##2..###.#
##.#
#...###..#
##.# ####..##
#..# #..#
##.#...# #.##
#.## #..#...#
#..## #.##
###...## ##..#
##.# #..#####
#..# ##.#
#.####.####.##
##..#


You could see a reaper.

Vanquished Creatures
  Erica (D:9)
  2 two-headed ogres (D:8)
  Amaemon (D:11)
  Joseph (D:7)
  An ice statue (IceCv)
  An ice devil (IceCv)
  A troll (D:10)
  A freezing wraith (IceCv)
  2 hornets
  3 wyverns
  4 fire bats (D:8)
  A fire elemental (D:8)
  A death yak simulacrum (IceCv)
  A steam dragon (D:6)
  A harpy simulacrum (IceCv)
  2 water moccasins
  A hydra simulacrum (IceCv)
  A hell hound (D:8)
  Duvessa (D:7)
  3 ice beasts
  2 black bears
  An ogre (D:4)
  5 orc warriors
  2 centaurs (D:10)
  2 kobold brigands
  7 bullfrogs
  A two-headed ogre simulacrum (IceCv)
  2 cane toad simulacra (IceCv)
  3 scorpions
  Dowan (D:7)
  A killer bee (D:8)
  3 howler monkeys
  3 lava snakes
  A jelly (D:5)
  4 hounds
  A sleepcap (D:8)
  A gnoll bouda (D:7)
  4 orc priests
  3 iguanas (D:6)
  Natasha (twice) (D:2)
  12 orc wizards
  5 spriggan simulacra (IceCv)
  4 troll simulacra (IceCv)
  A polar bear simulacrum (IceCv)
  2 wolf simulacra (IceCv)
  Robin (D:2)
  A gnoll (D:7)
  5 adders
  5 naga simulacra (IceCv)
  A shadow imp (D:8)
  11 white imps (IceCv)
  4 ufetubi (IceCv)
  A ribbon worm (D:2)
  23 orcs
  4 ball pythons
  3 bats
  A giant cockroach (D:2)
  7 goblins
  8 hobgoblins
  4 quokkas
  3 frilled lizards
  17 kobolds
  5 rats
207 creatures vanquished.

Vanquished Creatures (collateral kills)
  A killer bee (D:8)
  2 gnolls (D:7)
  A dart slug (D:1)
  A ribbon worm (D:2)
  4 orcs (D:7)
  A kobold (D:1)
  2 quokkas
  A ball python (D:1)
13 creatures vanquished.

Vanquished Creatures (others)
  3 killer bees (D:8)
  An orc (D:4)
  A ball python (D:1)
  A giant cockroach (D:2)
  A goblin (D:2)
7 creatures vanquished.

Grand Total: 227 creatures vanquished

Notes
Turn   | Place    | Note
-------+----------+-------------------------------------------
     0 | D:1      | Turgor the Vampire Artificer began the quest for the Orb.
     0 | D:1      | Reached XP level 1. HP: 14/14 MP: 1/1
    70 | D:1      | Reached skill level 1 in Fighting
   155 | D:1      | Reached XP level 2. HP: 21/21 MP: 2/2
   190 | D:1      | Found Okhlac's Distillery.
   293 | D:1      | Found Xoomm's Armour Shoppe.
   443 | D:1      | You fall into a shaft and drop 1 floor!
   640 | D:2      | Reached skill level 1 in Short Blades
   640 | D:2      | Gained mutation: You are afflicted with vampirism and can
                  | become a bat while bloodless. [Vampire growth]
   640 | D:2      | Reached XP level 3. HP: 14/26 MP: 3/3
   932 | D:2      | Reached XP level 4. HP: 23/25 MP: 4/4
   957 | D:2      | Noticed Natasha
   970 | D:2      | Identified the +9 whip of Saltpetre {elec, rPois Str+3
                  | Dex+2}
   974 | D:2      | Killed Natasha
  1200 | D:2      | Noticed Natasha
  1217 | D:2      | Killed Natasha
  1218 | D:2      | Reached skill level 5 in Stealth
  1375 | D:2      | Noticed Robin
  1404 | D:2      | Killed Robin
  1405 | D:2      | Reached skill level 1 in Maces & Flails
  1405 | D:2      | Reached XP level 5. HP: 28/29 MP: 5/5
  2167 | D:4      | Reached skill level 2 in Maces & Flails
  2218 | D:4      | Reached XP level 6. HP: 34/34 MP: 6/6
  2715 | D:4      | Reached skill level 3 in Maces & Flails
  2834 | D:5      | Entered Level 5 of the Dungeon
  3011 | D:5      | Noticed an ice beast
  3023 | D:5      | Killed an ice beast
  3024 | D:5      | Reached skill level 4 in Maces & Flails
  3024 | D:5      | Reached XP level 7. HP: 31/38 MP: 7/7
  3439 | D:5      | Reached skill level 5 in Dodging
  3537 | D:6      | Reached skill level 5 in Maces & Flails
  3703 | D:6      | Reached XP level 8. HP: 41/43 MP: 8/8
  4091 | D:6      | Reached skill level 6 in Maces & Flails
  4385 | D:7      | Noticed Joseph
  4403 | D:7      | Killed Joseph
  4404 | D:7      | Reached skill level 7 in Maces & Flails
  4631 | D:7      | Noticed Duvessa
  4635 | D:7      | Noticed Dowan
  4642 | D:7      | Killed Duvessa
  4645 | D:7      | Killed Dowan
  4742 | D:7      | Reached XP level 9. HP: 47/47 MP: 9/9
  4800 | D:7      | Found a staircase to the Ecumenical Temple.
  4815 | Temple   | Found a transporter.
  4815 | Temple   | Found a transporter.
  4815 | Temple   | Found a transporter.
  4815 | Temple   | Found a transporter.
  4815 | Temple   | Entered the Ecumenical Temple
  4839 | Temple   | Became a worshipper of Gozag Ym Sagoz the Greedy
  4995 | D:7      | Reached skill level 8 in Maces & Flails
  5132 | D:7      | Noticed Maggie
  5469 | D:7      | Learned a level 4 spell: Passage of Golubria
  5473 | D:7      | Learned a level 3 spell: Volatile Blastmotes
  5510 | D:8      | Noticed a two-headed ogre
  5618 | D:8      | Identified 2 scrolls of acquirement
  5618 | D:8      | Acquired a +1 vampiric eveningstar
  5621 | D:8      | Killed a two-headed ogre
  5622 | D:8      | Reached skill level 9 in Maces & Flails
  5845 | D:8      | Acquired the +2 pair of boots of Liwnepnu {^Drain +Inv
                  | rElec rF+}
  5885 | D:8      | Noticed a two-headed ogre
  5895 | D:8      | Killed a two-headed ogre
  5896 | D:8      | Reached skill level 10 in Maces & Flails
  5941 | D:8      | Reached XP level 10. HP: 39/52 MP: 10/10
  6107 | D:8      | Reached skill level 1 in Armour
  6246 | D:8      | Reached skill level 11 in Maces & Flails
  6985 | D:9      | Noticed Erica
  7002 | D:9      | Killed Erica
  7626 | D:9      | Reached skill level 12 in Maces & Flails
  7739 | D:9      | Found a runed translucent gate.
  7740 | D:9      | Found a runed translucent gate.
  7741 | D:9      | Found a runed translucent gate.
  7743 | D:9      | Noticed PanSaczeczos's ghost (novice DgSh)
  8331 | D:9      | Identified the +1 troll leather armour of Vexation {rC++
                  | Regen+}
  8362 | D:10     | Entered Level 10 of the Dungeon
  8405 | D:10     | Found a shadowy altar of Dithmenos.
  8587 | D:10     | Found a hazy altar of Hepliaklqana.
  8590 | D:10     | Found a shimmering blue altar of Sif Muna.
  8593 | D:10     | Found a blossoming altar of Fedhas.
  8607 | D:10     | Found a radiant altar of Vehumet.
  8924 | D:10     | Found the +9 staff of Olgreb {rPois∞}
  8936 | D:10     | Noticed a black mamba
  8936 | D:10     | Noticed a black mamba
  8937 | D:10     | Found a runed translucent gate.
  8937 | D:10     | Found a runed translucent gate.
  8937 | D:10     | Noticed a black mamba
  8937 | D:10     | Noticed a black mamba
  8938 | D:10     | Found a runed translucent door.
  8960 | D:10     | Found a runed translucent gate.
  8962 | D:10     | Found a runed translucent door.
  8965 | D:10     | Noticed a wolf spider
  8965 | D:10     | Noticed a wolf spider
  9409 | D:11     | Noticed Amaemon
  9412 | D:11     | Noticed an orange demon
  9421 | D:11     | Killed Amaemon
  9422 | D:11     | Reached XP level 11. HP: 56/56 MP: 11/11
  9550 | D:11     | Found a frozen archway.
  9556 | IceCv    | Entered an ice cave
 10075 | IceCv    | Reached skill level 1 in Fire Magic
 10077 | IceCv    | Reached skill level 1 in Translocations
 10472 | IceCv    | Reached skill level 1 in Spellcasting
 10873 | IceCv    | Noticed a reaper
 10931 | IceCv    | Demolished by a reaper

Illustrated notes

Levels and vault maps discovered:
D:1:      onia_arrival_mini_maze, layout_rooms, serial_shops,
          nicolae_shop_just_a_little_nook, nicolae_shop_behind_doors
D:2:      layout_loops_ring, minmay_small_reverse_x, uniq_natasha, uniq_robin
D:3:      layout_basic
D:4:      layout_loops_corners
D:5:      layout_basic, eino_curves_01
D:6:      layout_basic
D:7:      layout_loops_corners, minmay_temple_entry_offerings, uniq_duvessa,
          uniq_joseph, uniq_maggie
D:8:      layout_cave_pools, hangedman_incinerator
D:9:      layout_irregular_city, biasface_ghost_orc_armoury,
          kennysheep_generic_room_4, uniq_erica
D:10:     layout_loops_corners, grunt_temple_overflow_cloverleaf,
          nicolae_dithmenos_through_a_glass_darkly,
          minmay_guarded_unrand_staff_of_olgreb
D:11:     layout_irregular_city, erik_lair_orcish_takeover, erik_orc_1,
          portal_ice_cave_entry_pillars_2, uniq_amaemon
Temple:   hellmonk_temple_divided_pantheon
IceCv:    ice_cave_caverns_01

Skill      XL: |  1  2  3  4  5  6  7  8  9 10 11 |
---------------+----------------------------------+-----
Fighting       | 1 |  1.3
Stealth        | 2 3 4 5 6 |  6.0
Short Blades   | 1 2 |  2.5
Maces & Flails | 1 2 4 5 7 10 12 | 12.4
Dodging        | 3 5 6 |  6.0
Armour         | 4 |  4.2
Fire Magic     | 2 |  2.1
Translocations | 2 |  2.1
Spellcasting   | 1 |  1.5
Evocations     | |  2.6

Action                     |  1- 3 |  4- 6 |  7- 9 | 10-12 || total
---------------------------+-------+-------+-------+-------++-------
  Melee: Club              |    17 |       |       |       ||    17
         Bite              |     3 |     6 |    18 |    50 ||    77
         Dagger            |    53 |       |       |       ||    53
         Whip              |       |    87 |   154 |   364 ||   605
         Punch             |       |       |       |     5 ||     5
  Throw: Dart              |       |       |     6 |     4 ||    10
         Boomerang         |       |       |     1 |    11 ||    12
Ability: Exsanguinate      |     1 |       |       |       ||     1
  Evoke: Wand              |    10 |    13 |    12 |    19 ||    54
    Use: Scroll            |       |     5 |     5 |     7 ||    17
         Potion            |       |       |     2 |     4 ||     6
   Stab: Sleeping          |     1 |    14 |    14 |     6 ||    35
         Distracted        |       |       |       |     3 ||     3
 Armour: Leather armour    |    31 |    32 |    59 |   148 ||   270
  Dodge: Dodged            |    37 |    30 |    68 |   126 ||   261

Table legend: (Time is in decaauts)
 A = Elapsed time spent in this place.
 B = Non-inter-level travel time spent in this place.
 C = Inter-level travel time spent in this place.
 D = Time resting spent in this place.
 E = Time spent auto-exploring this place.
 F = Levels seen in this place.
 G = Mean time per level.
                   A        B        C        D        E       F      G
               +--------+--------+--------+--------+--------+-----+--------+
         Total |  10725 |  10306 |    419 |   1067 |   5968 |  13 |  825.0 |
       Dungeon |   9382 |   8970 |    412 |    690 |   5890 |  11 |  852.9 |
        Temple |     50 |     43 |      7 |      0 |      0 |   1 |   50.0 |
      Ice Cave |   1292 |   1292 |      0 |    376 |     78 |   1 | 1292.0 |
               +--------+--------+--------+--------+--------+-----+--------+

Top non-repeatable levels by time:
     D:9: 1394 daAuts
   IceCv: 1292 daAuts
     D:7: 1255 daAuts
     D:8: 1233 daAuts
    D:10: 1097 daAuts
     D:2: 941 daAuts
     D:6: 786 daAuts
     D:4: 764 daAuts
     D:5: 694 daAuts
     D:1: 648 daAuts
     D:3: 482 daAuts
    D:11: 82 daAuts
  Temple: 50 daAuts
